 Dungeon Crawl Stone Soup version 0.26-a0-597-gb535b0901c (webtiles) character file.

Game seed: 5050872919029954500

2016 HoaS the Cruncher (level 9, 0/64 HPs)
             Began as a Formicid Fighter on Aug 26, 2020.
             Succumbed to a killer bee's poison
             ... on level 7 of the Dungeon.
             The game lasted 00:10:49 (4687 turns).

HoaS the Cruncher (Formicid Fighter)                Turns: 4687, Time: 00:10:49

Health: 0/64       AC: 11    Str: 24    XL:     9   Next: 46%
Magic:  9/9        EV:  6    Int:  8    God:
Gold:   305        SH: 16    Dex: 10    Spells: 8/8 levels left

rFire    . . .     SeeInvis +   a - +0 quarterstaff
rCold    . . .     Faith    .   c - +0 kite shield
rNeg     . . .     Spirit   .   f - +0 plate armour
rPois    .         Reflect  +   (helmet unavailable)
rElec    .         Harm     .   (no cloak)
rCorr    +                      (no gloves)
MR       .....                  (no boots)
Stlth    ..........             i - amulet of reflection
HPRegen  0.20/turn              h - ring of resist corrosion
MPRegen  0.11/turn              (no ring)

@: lethally poisoned (0 -> -23)
A: permanent stasis, dig shafts and tunnels, four strong arms, antennae 3
a: Dig, Shaft Self


You were on level 7 of the Dungeon.
You visited 2 branches of the dungeon, and saw 8 of its levels.

You collected 305 gold pieces.

Inventory:

Hand Weapons
 a - a +0 quarterstaff (weapon)
Armour
 c - a +0 kite shield (worn)
 f - a +0 plate armour (worn)
Jewellery
 b - an uncursed ring of wizardry {unknown}
 h - a ring of resist corrosion (left hand)
 i - an amulet of reflection (around neck)
Scrolls
 k - a scroll of remove curse
Potions
 d - a potion of might
 e - 7 potions of curing
 g - a potion of resistance
 j - a potion of stabbing {unknown}
 l - 3 potions of brilliance {unknown}


   Skills:
 - Level 3.2 Fighting
 * Level 9.9 Staves
 - Level 3.2 Armour
 + Level 8.9 Shields


You had 8 spell levels left.
You didn't know any spells.
Your spell library was empty.

Dungeon Overview and Level Annotations

Branches:
Dungeon (7/15)             Temple (1/1) D:4

Altars:
Ashenzari
Dithmenos
Elyvilon
Gozag
Hepliaklqana
Kikubaaqudgha
Nemelex Xobeh
Okawaru
Qazlal
Ru
Sif Muna
Trog
Uskayaw
Vehumet
Wu Jian
Xom
Yredelemnul
The Shining One


Innate Abilities, Weirdness & Mutations

You cannot be hasted, slowed, berserked, paralysed or teleported.
You can dig through walls and to a lower floor.
Your four strong arms can wield two-handed weapons with a shield.
You have a pair of large antennae on your head. (SInv)


Message History

You kill the killer bee!
You feel sick. You block the killer bee's attack.
The killer bee stings you but does no damage. x2
You block the killer bee's attack.
The killer bee stings you but does no damage.
You block the killer bee's attack.
You closely miss the killer bee.
* * * LOW HITPOINT WARNING * * *
You feel sick. The killer bee stings you.
* * * LOW HITPOINT WARNING * * *
You block the killer bee's attack. x2
The killer bee stings you but does no damage.
The killer bee stings you.
* * * LOW HITPOINT WARNING * * *
You block the killer bee's attack. The killer bee stings you.
* * * LOW HITPOINT WARNING * * *
You are more poisoned.
The killer bee poisons you!
You closely miss the killer bee.
You die...

...............
...............
.####..$.#######
#....###...##
#..).........
#...........$
#...yy.......
#..##.##y##..
##+######..##.##@#######
......+.....#..yyy......
....?.#.....#...y......?
......#..>..#...........
......#.....#...........
......#.....#...........
......#.....#.....?.....
.....[#.....#...........
..##..##.####...$###..##


You could see 5 killer bees.

Vanquished Creatures
  Pikel (D:6)
  4 phantoms
  2 ogres
  A centaur (D:5)
  2 lemures (D:6)
  2 bullfrogs (D:6)
  A scorpion (D:4)
  A killer bee (D:7)
  A howler monkey (D:4)
  A centaur zombie (D:5)
  3 orc priests
  2 centaur skeletons
  2 jellies (D:5)
  3 orc wizards
  An iguana (D:4)
  5 worker ants
  A hound zombie (D:7)
  3 gnolls (D:6)
  5 adders
  3 shadow imps
  A white imp (D:7)
  An ufetubus (D:5)
  3 oozes
  2 adder zombies
  3 worms
  2 dart slugs
  4 leopard geckos
  6 orcs
  A ball python (D:1)
  5 giant cockroaches
  11 hobgoblins
  8 jackals
  A quokka (D:3)
  A ball python zombie (D:5)
  8 bats
  6 frilled lizards
  16 goblins
  6 kobolds
  2 quokka skeletons (D:4)
  2 rats (D:2)
133 creatures vanquished.

Notes
Turn   | Place    | Note
-------+----------+-------------------------------------------
     0 | D:1      | HoaS the Formicid Fighter began the quest for the Orb.
     0 | D:1      | Reached XP level 1. HP: 18/18 MP: 1/1
   151 | D:1      | Reached XP level 2. HP: 17/24 MP: 2/2
   546 | D:2      | Reached XP level 3. HP: 26/29 MP: 3/3
   562 | D:2      | Reached skill level 3 in Staves
   588 | D:2      | Found a shadowy altar of Dithmenos.
   588 | D:2      | Found a shimmering altar of Xom.
   589 | D:2      | Found a basalt altar of Yredelemnul.
   597 | D:2      | Found an ancient bone altar of Kikubaaqudgha.
   775 | D:2      | Reached XP level 4. HP: 31/35 MP: 4/4
  1184 | D:2      | Found an opulent altar of Gozag.
  1184 | D:2      | Found a sparkling altar of Nemelex Xobeh.
  1294 | D:3      | Reached skill level 4 in Staves
  1412 | D:3      | Reached XP level 5. HP: 39/41 MP: 5/5
  1436 | D:3      | Found a stormy altar of Qazlal.
  1994 | D:4      | Reached skill level 5 in Shields
  2050 | D:4      | Reached skill level 5 in Staves
  2050 | D:4      | Reached XP level 6. HP: 41/47 MP: 6/6
  2249 | D:4      | Found a staircase to the Ecumenical Temple.
  2255 | Temple   | Entered the Ecumenical Temple
  2504 | D:5      | Entered Level 5 of the Dungeon
  2504 | D:5      | Noticed an ogre
  2532 | D:4      | Killed an ogre
  2532 | D:4      | Reached skill level 6 in Staves
  2532 | D:4      | Reached XP level 7. HP: 25/52 MP: 7/7
  2840 | D:5      | Reached skill level 7 in Staves
  2840 | D:5      | Reached XP level 8. HP: 49/58 MP: 8/8
  3118 | D:5      | Found a hazy altar of Hepliaklqana.
  3198 | D:5      | Reached skill level 8 in Staves
  4074 | D:6      | Reached XP level 9. HP: 55/64 MP: 9/9
  4208 | D:6      | Reached skill level 9 in Staves
  4273 | D:6      | Found a glowing golden altar of the Shining One.
  4276 | D:6      | Found a bloodstained altar of Trog.
  4437 | D:7      | Noticed Pikel
  4592 | D:6      | Killed Pikel
  4686 | D:7      | HP: 2/64 [killer bee (5)]
  4687 | D:7      | Succumbed to a killer bee's poison

Illustrated notes

Levels and vault maps discovered:
D:1:      scummos_arrival_simple_fountains, layout_rooms, serial_bayou_pond_d,
          chequers_serial_rivers_micro_d
D:2:      layout_basic, grunt_temple_overflow_opulence,
          nicolae_overflow_quartered_altars
D:3:      layout_basic, grunt_qazlal_sundering
D:4:      layout_rooms, temple_green
D:5:      layout_rooms, nicolae_overflow_hidden_temple, grunt_ministairs_3,
          minmay_ogre_servants
D:6:      layout_gridville, minitemple
D:7:      layout_gridville, lemuel_doored_altar, uniq_pikel
Temple:   kb_temple_of_zot

Skill      XL: |  1  2  3  4  5  6  7  8  9 |
---------------+----------------------------+-----
Shields        | 4 5 6 8 |  8.9
Staves         | 3 4 5 6 7 8 9 |  9.9
Fighting       | |  3.2
Armour         | |  3.2

Action                   |  1- 3 |  4- 6 |  7- 9 || total
-------------------------+-------+-------+-------++-------
Melee: Quarterstaff      |    87 |   156 |   367 ||   610
  Use: Scroll            |     7 |    10 |     2 ||    19
Armor: Scale mail        |    22 |       |       ||    22
       Plate armour      |    21 |    48 |   128 ||   197
Dodge: Dodged            |    18 |    20 |    69 ||   107
Block: Kite shield       |    47 |    94 |   310 ||   451
       Reflection        |       |       |     5 ||     5

Table legend: (Time is in decaauts)
 A = Elapsed time spent in this place.
 B = Non-inter-level travel time spent in this place.
 C = Inter-level travel time spent in this place.
 D = Time resting spent in this place.
 E = Time spent auto-exploring this place.
 F = Levels seen in this place.
 G = Mean time per level.
                   A        B        C        D        E       F      G
               +--------+--------+--------+--------+--------+-----+--------+
         Total |   4698 |   4501 |    197 |    396 |   2932 |   8 |  587.2 |
       Dungeon |   4606 |   4409 |    197 |    396 |   2845 |   7 |  658.0 |
        Temple |     91 |     91 |      0 |      0 |     87 |   1 |   91.0 |
               +--------+--------+--------+--------+--------+-----+--------+

Top non-repeatable levels by time:
     D:6: 978 daAuts
     D:5: 899 daAuts
     D:2: 726 daAuts
     D:3: 725 daAuts
     D:4: 632 daAuts
     D:1: 548 daAuts
     D:7: 96 daAuts
  Temple: 91 daAuts
